 Dungeon Crawl Stone Soup version 0.31-a0-1626-g5cb510d322 (webtiles) character file.

Game seed: 9653010818356986841

203033 MackTheKnife the Fighter (level 16, -4/124 (127) HPs)
             Began as a Demonspawn Alchemist on Jan 11, 2024.
             Was a High Priest of Ru.
             Killed from afar by Aizul (45 damage)
             ... with a poison arrow
             ... on level 3 of the Snake Pit on Jan 12, 2024.
             The game lasted 01:04:34 (38117 turns).

MackTheKnife the Fighter (Demonspawn Alchemist)    Turns: 38117, Time: 01:04:35

HP:   -4/124 (127)  AC: 21    Str: 12    XL:     16   Next: 96%
MP:   1/30          EV: 24    Int: 24    God:    Ru [*****.]
Gold: 744           SH: 13    Dex: 29    Spells: 9/35 levels left

rFire   + . .        Q - +7 falchion of Dapleyt {pain, rF+ rC+, long}
rCold   + . .        e - +2 buckler {AC+3}
rNeg    . . .        r - +1 leather armour of Optoe {^Drain Str+3 Int+4 Slay+3}
rPois   .            j - +0 mask of the Dragon {Will+ Slay+3 SInv}
rElec   .            g - +1 cloak
rCorr   .            w - +2 pair of gloves
SInv    +            s - +2 pair of boots {Fly}
Will    +++..        v - amulet "Jom Taz" {Acrobat Rampage rPois Int+4}
Stlth   +++++        u - +6 ring of dexterity
HPRegen 0.40/turn    i - +4 ring of protection
MPRegen 0.22/turn

%: random rage (3%), acrobat, rampage
@: lethally poisoned (-4 -> -43), exhausted, poison vulnerable, animating dead,
enlightened, flying, very slightly contaminated, studying Ranged Weapons,
lightly drained
A: antennae 2, demonic guardian 1, inability to use devices, unskilled 1,
inexperienced 1, sturdy frame 2, demonic magic 2, hooves 1, large bone plates 1,
thin skeletal structure 1, see invisible, berserk 1, sense surroundings 1,
screaming 1, shaggy fur 1
}: 1/15 runes: barnacled
a: Renounce Religion, Draw Out Power, Power Leap, Apocalypse


You were on level 3 of the Snake Pit.
You worshipped Ru.
Ru was extremely pleased with you.
You visited 5 branches of the dungeon, and saw 29 of its levels.
You also visited: Gauntlet.

You collected 2894 gold pieces.
You spent 2150 gold pieces at shops.


Innate Abilities, Weirdness & Mutations

You have a pair of antennae on your head.
A weak demonic guardian rushes to your aid.
You cannot study or use magical devices.
You are somewhat unskilled. (-1 Apt)
You are somewhat inexperienced. (-1 XL)
Your movements are less encumbered by armour. (ER -4)
Spells you cast may paralyse nearby enemies.
You have large cloven feet.
You are partially covered in large bone plates. (SH +4)
You have a somewhat thin skeletal structure. (Dex +2, Stealth+)
You have supernaturally acute eyesight. (SInv)
You sometimes lose your temper in combat.
You passively map a small area around you.
You occasionally shout uncontrollably at your foes.
You are covered in fur. (AC +1)


   Skills:
 - Level 12.0 Fighting
 - Level 10.0 Short Blades
 + Level 5.5 Armour
 - Level 12.0 Dodging
 - Level 7.0 Stealth
 - Level 5.0 Shields
 - Level 10.0 Spellcasting
 - Level 10.0 Conjurations
 + Level 5.1 Necromancy
 - Level 5.0 Fire Magic
 - Level 7.0 Ice Magic
 - Level 7.0 Air Magic
 - Level 8.0 Alchemy


You had 9 spell levels left.
You knew the following spells:

 Your Spells              Type           Power      Damage    Failure   Level
a - Sting                 Conj/Alch      100%       1d9       1%          1
b - Olgreb's Toxic Radia  Alch           50%        N/A       2%          4
c - Mephitic Cloud        Conj/Alch/Air  51%        N/A       1%          3
d - Irradiate             Conj/Alch      26%        3d20      4%          5
e - Freezing Cloud        Conj/Ice/Air   25%        6-21      7%          5
f - Ignite Poison         Fire/Alch      43%        N/A       4%          4
A - Animate Dead          Necr           36%        N/A       9%          4

Your spell library contained the following spells:

 Spells                   Type           Power      Damage    Failure   Level
 Kiss of Death            Conj/Necr      100%       2d13      1%          1
 Magic Dart               Conj           100%       1d8       1%          1
 Cigotuvi's Dreadful Rot  Necr/Alch/Air  88%        N/A       1%          2
 Mercury Vapours          Alch/Air       96%        N/A       1%          2
 Sublimation of Blood     Necr           36%        N/A       1%          2
 Frozen Ramparts          Ice            90%        1d14      1%          3
 Ozocubu's Armour         Ice            45%        N/A       1%          3
 Ensorcelled Hibernation  Hex/Ice        56%        N/A       2%          2
 Stone Arrow              Conj/Erth      72%        3d11      2%          3
 Flame Wave               Conj/Fire      48%        2d12      3%          4
 Iskenderun's Battlesphe  Conj           56%        2d11      3%          5
 Sticky Flame             Fire/Alch      43%        2d8       4%          4
 Inner Flame              Hex/Fire       24%        N/A       8%          3
 Brom's Barrelling Bould  Conj/Erth      36%        2d6       9%          4
 Dispel Undead            Necr           36%        3d15      9%          4
 Fireball                 Conj/Fire      24%        3d11      9%          5
 Blink                    Tloc           24%        N/A       11%         2
 Call Imp                 Summ           24%        N/A       11%         2
 Leda's Liquefaction      Alch/Erth      15%        N/A       13%         4
 Petrify                  Alch/Erth      31%        N/A       13%         4
 Confusing Touch          Hex            12%        N/A       21%         3
 Conjure Ball Lightning   Conj/Air       25%        3x3d7     32%         6
 Metabolic Englaciation   Hex/Ice        14%        N/A       41%         5
 Sculpt Simulacrum        Ice/Alch       24%        N/A       43%         6
 Borgnjor's Vile Clutch   Necr/Erth      12%        N/A       54%         5
 Animate Armour           Summ/Erth      24%        N/A       56%         4
 Orb of Destruction       Conj           28%        9d9       67%         7
 Death Channel            Necr           18%        N/A       77%         6
 Ozocubu's Refrigeration  Ice            22%        4d12      97%         7
 Summon Hydra             Summ           6%         N/A       100%        7
 Discord                  Hex            6%         N/A       100%        8
 Lehudib's Crystal Spear  Conj/Erth      18%        10d5      100%        8
 Polar Vortex             Ice            22%        12d3*     100%        9

Inventory:

Hand Weapons
 Q - the +7 falchion of Dapleyt (weapon) {pain, rF+ rC+, long}
   (You bought it in a shop on level 2 of the Snake Pit)

   rF+:       It protects you from fire.
   rC+:       It protects you from cold.
Armour
 e - a +2 buckler of protection (worn)
   (You took it off a tengu warrior on level 14 of the Dungeon)
 g - a +1 cloak (worn)
   (You found it on level 1 of the Dungeon)
 j - the +0 mask of the Dragon (worn) {Will+ Slay+3 SInv}
   (You found it in a Gauntlet)

   Slay+3:    It affects your accuracy & damage with ranged weapons and melee
   (+3).
   Will+:     It increases your willpower.
   SInv:      It lets you see invisible.
 p - a +0 kite shield of poison resistance
   (You took it off a naga warrior on level 3 of the Snake Pit)
 r - the +1 leather armour of Optoe (worn) {^Drain Str+3 Int+4 Slay+3}
   (You found it on level 8 of the Dungeon)

   Str+3:     It affects your strength (+3).
   Int+4:     It affects your intelligence (+4).
   Slay+3:    It affects your accuracy & damage with ranged weapons and melee
   (+3).
   ^Drain:    It drains your maximum health when unequipped.
 s - a +2 pair of boots of flying (worn)
   (You bought it in a shop on level 2 of the Orcish Mines)
 w - a +2 pair of gloves (worn)
   (You found it on level 8 of the Dungeon)
 H - the +1 pair of boots of Restlessness {Int+2}
   (You found it on level 14 of the Dungeon)

   Int+2:     It affects your intelligence (+2).
 P - the +6 scale mail "Weugept" {rCorr Str+3 Stlth+}
   (You took it off a minotaur on level 4 of the Shoals)

   Str+3:     It affects your strength (+3).
   rCorr:     It protects you from acid and corrosion.
   Stlth+:    It makes you more stealthy.
Jewellery
 i - a +4 ring of protection (right hand)
   (You found it on level 6 of the Dungeon)
 q - a ring of wizardry
   (You found it on level 8 of the Dungeon)
 u - a +6 ring of dexterity (left hand)
   (You found it on level 4 of the Dungeon)
 v - the amulet "Jom Taz" (around neck) {Acrobat Rampage rPois Int+4}
   (You took it off a minotaur in a Gauntlet)

   [amulet of the acrobat]

   Acrobat:   It increases your evasion while moving and waiting.
   Int+4:     It affects your intelligence (+4).
   rPois:     It protects you from poison Rampage: It bestows one free step when
   moving towards enemies.
 E - a +5 ring of evasion
   (You found it on level 5 of the Lair of Beasts)
 G - a ring of protection from fire
   (You found it on level 4 of the Shoals)
 K - a ring of protection from cold
   (You found it on level 1 of the Snake Pit)
Scrolls
 c - 3 scrolls of fear
 f - a scroll of enchant weapon
 m - 3 scrolls of butterflies
 o - 9 scrolls of blinking {!r}
 y - a scroll of vulnerability {!r!r}
 z - 3 scrolls of teleportation {@r4}
 F - 12 scrolls of identify {@r1}
 I - 2 scrolls of fog
 L - a scroll of immolation {!r!r}
 N - 2 scrolls of torment {!r}
Potions
 a - 4 potions of haste {@q3}
 b - a potion of magic
 d - a potion of cancellation
 h - 7 potions of heal wounds {@q2}
 k - 4 potions of enlightenment
 l - 3 potions of lignification {!q}
 n - a potion of mutation {!q}
 t - 2 potions of brilliance
 x - 6 potions of might
 A - a potion of invisibility
 B - 7 potions of curing {@q1}
 C - 3 potions of resistance
 J - 3 potions of ambrosia
 M - a potion of berserk rage {!q}

Dungeon Overview and Level Annotations

Branches:
Dungeon (15/15) Zot: 25275  Temple (0/1) D:7            Lair (5/5) D:8 Zot: 22210
 Shoals (4/4) Lair:2 Zot: 16560   Snake (3/4) Lair:3 Zot: 14846   Slime (0/5) Lair:5
    Orc (2/2) D:12 Zot: 10197     Elf (0/3) Orc:2        Vaults (0/5) D:14
 Depths (0/4) D:15        Gauntlet (visited)

Altars:
Cheibriados
Dithmenos
Kikubaaqudgha
Nemelex Xobeh
Okawaru
Ru
Trog
Uskayaw
Xom
Jiyva
Lugonu

Shops:
D:6 :   D:10 (   D:11 **[   D:14 =   Orc:2 [[[:   Snake:2 *:=?

Portals:
Abyss: Lair:5
Trove: D:13 (show slimy rune of Zot)

Annotations:
D:10 2 transporters, t4s4d4r's ghost, journeyman OpSh
D:14 exclusion: downstairs, Puc Soeni's ghost, journeyman DrCj; Roxanne
Snake:2 1 runed translucent door, Vorhees's ghost, adept GrFi
Snake:3 Aizul

, , ......$ , , , ,
....... *, , ,, ... * ,
.N☼§...* , , ... .☼○§○§§
, , #.# ..§..§☼* , ,
,#.# ,, Z☼○○.☼§##
######## ##.+ ,
N☼)○§§ZZ###......###..##
,
..§§°.ZS§..............#
* ,
.?.§.§Z@................
.§§§.##.....#......#####
, #### ##..####..).## *
#### ######


You could see Aizul (ally target), a naga mage (fast, curare, distracted, ally
target), a naga (curare), a friendly black mamba zombie, a friendly naga warrior
zombie, a friendly naga mage zombie, a friendly salamander zombie and a friendly
naga ritualist zombie.


Message History

Aizul coils herself and waves her upper body at you.
The bolt of poison hits you!!
You are more poisoned.
* * * LOW HITPOINT WARNING * * *
The naga mage struggles to escape constriction.
Your black mamba zombie is engulfed in freezing vapours.
Your black mamba zombie bites the naga mage!
Your salamander zombie hits the naga warrior.
Aizul is engulfed in freezing vapours.
Aizul misses you.
The naga warrior is engulfed in freezing vapours.
The naga warrior hits your salamander zombie with a +0 scimitar.
The naga warrior grabs your salamander zombie.
The naga warrior constricts your salamander zombie. 😨 HP[-35] MP[-5]
You take 35 damage, and now have 44/122 hp.
MASSIVE DAMAGE!! (PAUSE)
You lost 5 mp, and now have 0/30 mp.
You slash the naga warrior!
The naga warrior writhes in agony.
You feel extremely sick.
The naga mage struggles to escape constriction.
Your black mamba zombie is engulfed in freezing vapours.
Your black mamba zombie closely misses the naga mage.
The naga mage is engulfed in freezing vapours.
You kill the naga mage!
The dead are walking!
Aizul is engulfed in freezing vapours.
Aizul hits you but does no damage.
Your naga ritualist zombie hits the naga mage but does no damage.
Your naga ritualist zombie constricts the naga mage.
The naga warrior blocks your salamander zombie's attack.
The naga warrior is engulfed in freezing vapours.
You kill the naga warrior!
The dead are walking!
Your black mamba zombie is engulfed in freezing vapours. 😨 HP[-8]
You now have 124 max hp (+2).
You take 8 damage, and now have 36/124 hp.
You feel much better.
You feel extremely sick.
Aizul is engulfed in freezing vapours.
Aizul completely misses you.
The naga mage begins to cast a spell, but is stunned by your conviction!
Your black mamba zombie is engulfed in freezing vapours.
Your black mamba zombie closely misses Aizul.
Your naga ritualist zombie hits the naga mage.
Your naga ritualist zombie constricts the naga mage.
Aizul is engulfed in freezing vapours.
Aizul begins to cast a spell, but is stunned by your conviction!
The naga mage struggles to escape constriction. 😨 HP[+17]
You regained 17 hp, and now have 53/124 hp.
Unknown command.
Unknown command.
You barely miss Aizul.
You feel very sick.
Your black mamba zombie is engulfed in freezing vapours.
Your black mamba zombie barely misses Aizul.
Aizul is engulfed in freezing vapours.
Aizul coils herself and waves her upper body at you.
You resist with almost no effort.
Your naga warrior zombie is engulfed in freezing vapours.
Your naga mage zombie is engulfed in freezing vapours.
Your naga mage zombie hits Aizul but does no damage.
Your naga mage zombie closely misses Aizul.
The naga mage struggles to escape constriction.
Your naga ritualist zombie hits the naga mage but does no damage.
Your naga ritualist zombie constricts the naga mage.
Your black mamba zombie is engulfed in freezing vapours.
Your black mamba zombie bites Aizul but does no damage. 😨 HP[-5] MP[+1]
You take 5 damage, and now have 48/124 hp.
Unknown command.
Unknown command.
You catch the helpless Aizul completely off-guard!
You slash Aizul!
Aizul writhes in agony.
You feel very sick.
Aizul is engulfed in freezing vapours.
Aizul closely misses you.
Your black mamba zombie is engulfed in freezing vapours.
Your black mamba zombie bites Aizul.
Your salamander zombie is engulfed in freezing vapours.
Your salamander zombie barely misses Aizul.
The naga mage begins to cast a spell, but is stunned by your conviction!
Your naga mage zombie is engulfed in freezing vapours.
Your naga mage zombie hits Aizul but does no damage.
Your naga mage zombie grabs Aizul.
Your naga mage zombie constricts Aizul.
Aizul is engulfed in freezing vapours.
Aizul hits your black mamba zombie!!
Your naga ritualist zombie hits the naga mage.
Your naga ritualist zombie constricts the naga mage. 😨 HP[-5]
You take 5 damage, and now have 43/124 hp.
You slice Aizul!!
You feel very sick.
Your black mamba zombie is engulfed in freezing vapours.
Your black mamba zombie bites Aizul but does no damage.
The naga mage hits your naga ritualist zombie with a +0 spear!
The naga mage grabs your naga ritualist zombie.
The naga mage constricts your naga ritualist zombie.
Aizul is engulfed in freezing vapours.
Aizul casts a spell at you. The poison arrow hits you!!!
You are more poisoned.
You die...

Skill      XL: |  1  2  3  4  5  6  7  8  9 10 11 12 13 14 15 16 |
---------------+-------------------------------------------------+-----
Alchemy        | 4 6 8 8 |  8.0
Dodging        | 3 5 6 8 10 10 12 | 12.0
Fighting       | 3 6 9 10 10 11 12 | 12.0
Spellcasting   | 5 4 6 7 9 10 | 10.0
Evocations     | 0 |  0.0
Air Magic      | 3 2 5 7 |  7.0
Conjurations   | 3 8 10 | 10.0
Short Blades   | 3 9 10 | 10.0
Stealth        | 7 |  7.0
Shields        | 3 5 |  5.0
Armour         | 3 5 |  5.5
Fire Magic     | 5 |  5.0
Ice Magic      | 1 7 |  7.0
Necromancy     | 5 |  5.1

Action                     |  1- 3 |  4- 6 |  7- 9 | 10-12 | 13-15 | 16-18 || total
---------------------------+-------+-------+-------+-------+-------+-------++-------
  Melee: Short sword       |    48 |    73 |   197 |   582 |   835 |   207 ||  1942
         Unarmed           |     2 |       |       |       |       |       ||     2
         Punch             |     1 |     2 |     2 |     8 |     6 |       ||    19
         Falchion          |       |       |       |       |       |    96 ||    96
   Cast: Sting             |    44 |    75 |    51 |       |       |       ||   170
         Olgreb's Toxic Ra |       |     6 |    48 |    64 |    75 |    16 ||   209
         Mephitic Cloud    |       |       |     4 |     9 |     5 |       ||    18
         Irradiate         |       |       |       |    35 |    80 |    25 ||   140
         Ignite Poison     |       |       |       |       |    28 |    17 ||    45
         Freezing Cloud    |       |       |       |       |    17 |    36 ||    53
         Animate Dead      |       |       |       |       |       |     2 ||     2
 Invoke: Sacrifice Experie |       |     1 |       |       |       |       ||     1
         Draw Out Power    |       |       |     3 |     3 |     4 |     2 ||    12
         Sacrifice Artific |       |       |     1 |       |       |       ||     1
         Reject Sacrifices |       |       |       |     2 |     2 |       ||     4
         Apocalypse        |       |       |       |     4 |     4 |       ||     8
         Sacrifice Skill   |       |       |       |     1 |       |       ||     1
  Evoke: Wand              |       |     1 |     8 |       |       |       ||     9
    Use: Potion            |     1 |     1 |     3 |     6 |     4 |     2 ||    17
         Scroll            |       |     8 |     8 |    11 |     8 |     1 ||    36
   Stab: Paralysed         |    17 |    13 |    23 |    32 |    60 |    13 ||   158
         Sleeping          |     1 |     2 |     1 |     4 |    37 |     9 ||    54
         Confused          |       |       |     1 |     4 |     2 |       ||     7
         Invisible         |       |       |       |     4 |     4 |     4 ||    12
         Distracted        |       |       |       |    10 |     6 |     3 ||    19
 Armour: Robe              |    23 |    51 |    95 |       |       |       ||   169
         Leather armour    |       |       |    65 |   283 |   271 |   120 ||   739
  Dodge: Dodged            |    39 |    63 |   147 |   515 |   548 |   169 ||  1481
  Block: Buckler           |       |       |       |       |   238 |   161 ||   399

Levels and vault maps discovered:
D:1:      mrwooster_arrival_statue_2, layout_loops_ring, minmay_fountain_box,
          hex_large, minmay_misc_feat_cross, st_stairs_4, dreamdust_wishing_well
D:2:      layout_rooms, basic_altar
D:3:      layout_basic, uniq_ijyb, uniq_grinder, uniq_terence
D:4:      layout_cave_pools, trog_ov_bears_minmay
D:5:      layout_cave_pods, kennysheep_mini
D:6:      layout_cave_pools, lemuel_doored_altar, serial_shops, shop,
          serial_bayou_pond_c, dreamdust_princess_bridge,
          serial_library_hellmonk_narrow_alcove,
          minmay_a_box_with_orc_wizards_in_it, uniq_jeremiah
D:7:      layout_loops_corners, mainiacjoe_overflow_catwalk,
          gammafunk_temple_overflow_statue, minmay_temple_entry_proselytizer
D:8:      layout_rooms, minmay_lair_entry_grove
D:9:      minmay_bloctagon_deflated, layout_small_grid,
          grunt_dithmenos_smoke_and_mirrors, minmay_liquid_box
D:10:     layout_basic, mainiacjoe_overflow_surrounded_room,
          gammafunk_ghost_arena, serial_shops, shop,
          hangedman_decor_diamond_cutter
D:11:     minmay_bloctagon, layout_basic, serial_shops, nicolae_shop_trees,
          nicolae_specific_store
D:12:     layout_layer_cave, minmay_orc_entry_temple_small
D:13:     layout_rooms, enter_trove_5, uniq_nessos
D:14:     layout_loops_ring, hellmonk_vaults_order_and_chaos,
          gammafunk_ghost_smash, serial_shops, nicolae_take_the_stairs,
          grunt_decor_clamped, uniq_roxanne, uniq_snorg
D:15:     hangedman_depths_entry_try_elsewhere_first, layout_basic,
          amethyst_killhole, hangedman_feature_mirror
Lair:1:   layout_regular_city, grunt_megastairs_2
Lair:2:   layout_cave_pods, minmay_shoals_entry_centaurs,
          kilobyte_rumbling_trees, uniq_nergalle
Lair:3:   layout_big_grid, nicolae_snake_entry_squirm, beast_lair_carwin_9
Lair:4:   layout_cave_pods, gauntlet_entry_generic, minmay_hedge_maze,
          nicolae_quartered_pool_medium
Lair:5:   hellmonk_lair_end_abyssal_woods, layout_concentric_octagons,
          minmay_slime_entry_jelly_boxes, grunt_megastairs_3, uniq_sonja
Shoals:1: layout_shoals, nicolae_shoals_spring_well_temple
Shoals:2: layout_shoals, nicolae_shoals_sun_and_surf
Shoals:3: layout_shoals, nicolae_shoals_former_cling_halls
Shoals:4: shoals_end_hellmonk_lost_city
Snake:1:  layout_basic, serial_library_hellmonk_octagon
Snake:2:  layout_onion, serial_shops, shop, shop,
          nicolae_shop_tiny_statue_garden, shop, gammafunk_ghost_grave
Snake:3:  nicolae_sea_snake_s, layout_cave_town, uniq_aizul
Orc:1:    layout_diamond_mine, uniq_maurice
Orc:2:    st_orc_rangers, layout_caves, hangedman_minor_magic

Notes
Turn   | Place    | Note
-------+----------+-------------------------------------------
     0 | D:1      | MackTheKnife the Demonspawn Alchemist began the quest for
                  | the Orb.
     0 | D:1      | Reached XP level 1. HP: 13/13 MP: 3/3
     0 | D:1      | magus.rc [v1.9.6]
   205 | D:1      | Gained mutation: Spells you cast may paralyse adjacent
                  | enemies. [demonic ancestry]
   205 | D:1      | Reached XP level 2. HP: 17/19 MP: 0/5
   429 | D:1      | Reached skill level 4 in Alchemy
   836 | D:1      | Reached XP level 3. HP: 18/24 MP: 4/6
  1167 | D:2      | You fall into a shaft and drop 1 floor!
  1170 | D:3      | Noticed Grinder
  1170 | D:3      | Paralysed by Grinder for 3 turns
  1187 | D:3      | HP: 2/24 [Grinder (6)]
  1190 | D:3      | Killed Grinder
  1191 | D:3      | Reached skill level 6 in Alchemy
  1191 | D:3      | Reached XP level 4. HP: 9/30 MP: 0/7
  1191 | D:3      | Reached XP level 5. HP: 11/35 MP: 0/8
  1295 | D:3      | Noticed Terence
  1336 | D:3      | Learned a level 4 spell: Olgreb's Toxic Radiance
  1481 | D:2      | Identified the +2 robe of Vehumet's Approval {rC+ Stlth+}
  1558 | D:2      | Reached XP level 6. HP: 41/41 MP: 6/9
  1808 | D:2      | Found a sacrificial altar of Ru.
  1890 | D:2      | Became a worshipper of Ru the Awakened
  2148 | D:3      | Noticed Ijyb
  2156 | D:3      | Killed Ijyb
  2157 | D:3      | Reached skill level 7 in Alchemy
  2222 | D:3      | Killed Terence
  3230 | D:4      | Found a bloodstained altar of Trog.
  3238 | D:4      | Reached skill level 8 in Alchemy
  3241 | D:4      | Reached XP level 7. HP: 46/46 MP: 1/10
  3501 | D:4      | Reached skill level 2 in Dodging
  3507 | D:4      | Reached skill level 1 in Fighting
  3736 | D:4      | Gained mutation: You are somewhat inexperienced. (-1 XL)
                  | [Ru sacrifice]
  3736 | D:4      | Reached XP level 6. HP: 33/42 MP: 9/9
  3736 | D:4      | Reached * piety under Ru
  3736 | D:4      | Reached ** piety under Ru
  3748 | D:5      | Entered Level 5 of the Dungeon
  3989 | D:5      | Reached skill level 2 in Fighting
  4133 | D:5      | Reached skill level 3 in Dodging
  4261 | D:5      | Reached skill level 3 in Fighting
  4434 | D:5      | Reached XP level 7. HP: 35/52 MP: 1/10
  4950 | D:6      | Noticed Jeremiah
  5049 | D:6      | Reached skill level 4 in Fighting
  5049 | D:6      | Reached skill level 4 in Dodging
  5239 | D:6      | Killed Jeremiah
  5240 | D:6      | Reached skill level 5 in Fighting
  5240 | D:6      | Reached skill level 5 in Dodging
  5555 | D:6      | Reached skill level 6 in Fighting
  5556 | D:6      | Reached XP level 8. HP: 60/64 MP: 6/11
  5594 | D:6      | You pick up a book of Minor Magic and begin reading...
  5594 | D:6      | You add the spells Magic Dart, Blink and Call Imp to your
                  | library.
  5642 | D:6      | Found Azef's Book Boutique.
  5655 | D:6      | Reached skill level 6 in Dodging
  5769 | D:6      | Found an ancient bone altar of Kikubaaqudgha.
  6137 | D:7      | Found an iron altar of Okawaru.
  6146 | D:7      | Reached skill level 3 in Spellcasting
  6264 | D:7      | Noticed a two-headed ogre
  6280 | D:7      | Killed a two-headed ogre
  6281 | D:7      | Reached skill level 4 in Spellcasting
  6281 | D:7      | Reached skill level 3 in Evocations
  6379 | D:7      | Found a staircase to the Ecumenical Temple.
  6427 | D:7      | Reached skill level 4 in Evocations
  6542 | D:6      | Gained mutation: You cannot study or use magical devices.
                  | [Ru sacrifice]
  6542 | D:6      | Reduced skill Evocations to level 0
  6542 | D:6      | Reached *** piety under Ru
  6542 | D:6      | Reached **** piety under Ru
  6824 | D:7      | Reached skill level 5 in Spellcasting
  7051 | D:7      | Found a hide-covered altar of Uskayaw.
  7330 | D:8      | Learned a level 3 spell: Mephitic Cloud
  7346 | D:8      | Reached skill level 1 in Air Magic
  7412 | D:8      | Reached skill level 2 in Conjurations
  7508 | D:8      | Identified the +1 leather armour of Optoe {^Drain Str+3
                  | Int+4 Slay+3}
  7513 | D:8      | Reached skill level 2 in Air Magic
  7519 | D:8      | Reached skill level 3 in Conjurations
  7667 | D:8      | Reached skill level 3 in Air Magic
  7667 | D:8      | Reached XP level 9. HP: 69/69 MP: 11/16
  7820 | D:8      | Reached skill level 7 in Fighting
  7830 | D:8      | Reached skill level 7 in Dodging
  7910 | D:8      | Found a staircase to the Lair.
  7956 | D:8      | You pick up a book of Sloth and begin reading...
  7956 | D:8      | You add the spells Frozen Ramparts, Leda's Liquefaction,
                  | Petrify and Metabolic Englaciation to your library.
  8437 | D:9      | Found a shadowy altar of Dithmenos.
  8475 | D:9      | Reached skill level 8 in Fighting
  8503 | D:9      | Noticed a deep elf pyromancer
  8503 | D:9      | Noticed a white ugly thing
  8505 | D:9      | Noticed a cyclops
  8506 | D:9      | Noticed a centaur warrior
  8507 | D:9      | Killed a deep elf pyromancer
  8508 | D:9      | Reached skill level 8 in Dodging
  8521 | D:9      | Killed a white ugly thing
  8521 | D:9      | Killed a cyclops
  8701 | D:9      | Killed a centaur warrior
  8702 | D:9      | Reached skill level 9 in Fighting
  8702 | D:9      | Gained mutation: You have a pair of small antennae on your
                  | head. [demonic ancestry]
  8702 | D:9      | Reached XP level 10. HP: 30/83 MP: 10/17
  9317 | D:9      | You add the spells Ensorcelled Hibernation and Irradiate to
                  | your library.
  9317 | D:9      | Got the Folio of the Cunning Ouroboros
  9506 | D:9      | Learned a level 5 spell: Irradiate
  9517 | D:10     | Entered Level 10 of the Dungeon
  9594 | D:10     | Found a transporter.
  9631 | D:10     | Noticed a four-headed hydra
  9632 | D:10     | Noticed t4s4d4r's ghost (journeyman OpSh)
  9641 | D:10     | Found a transporter.
 10116 | D:10     | Found Pullih's Antique Weapon Emporium.
 10120 | D:10     | Bought a crude morningstar for 234 gold pieces
 10120 | D:10     | Identified the +3 morningstar "Uhishray" {flame, rF- rC+++
                  | MP+9 Stlth+} (You bought it in a shop on level 10 of the
                  | Dungeon)
 10137 | D:10     | Found a shimmering altar of Xom.
 10145 | D:10     | HP: 17/78 [poison]
 10150 | D:10     | HP: 5/78 [poison]
 10448 | Lair:1   | Entered Level 1 of the Lair of Beasts
 10469 | Lair:1   | Reached skill level 9 in Dodging
 10645 | Lair:1   | Reached skill level 4 in Conjurations
 10834 | Lair:1   | You pick up a book of Unlife and begin reading...
 10834 | Lair:1   | You add the spells Animate Dead, Borgnjor's Vile Clutch and
                  | Death Channel to your library.
 10882 | Lair:1   | You pick up a book of Touch and begin reading...
 10882 | Lair:1   | You add the spells Kiss of Death, Confusing Touch and
                  | Dispel Undead to your library.
 11155 | Lair:1   | Reached skill level 10 in Fighting
 11168 | Lair:1   | Reached skill level 5 in Conjurations
 11763 | Lair:2   | Noticed a four-headed hydra
 11910 | Lair:2   | Noticed Nergalle
 11919 | Lair:2   | Reached skill level 10 in Dodging
 11921 | Lair:2   | Reached skill level 6 in Conjurations
 11922 | Lair:2   | Killed Nergalle
 12055 | Lair:2   | Reached skill level 7 in Conjurations
 12391 | Lair:2   | Found a staircase to the Shoals.
 12404 | Lair:2   | Reached skill level 8 in Conjurations
 12404 | Lair:2   | Gained mutation: A weak demonic guardian rushes to your
                  | aid. [demonic ancestry]
 12404 | Lair:2   | Reached XP level 11. HP: 78/90 MP: 9/18
 12778 | Lair:2   | Reached skill level 9 in Conjurations
 13333 | Lair:3   | Noticed a catoblepas
 13346 | Lair:3   | Killed a catoblepas
 13368 | Lair:3   | Gained mutation: You are somewhat unskilled. (-1 Apt) [Ru
                  | sacrifice]
 13368 | Lair:3   | Reduced skill Fighting to level 9
 13368 | Lair:3   | Reduced skill Dodging to level 9
 13368 | Lair:3   | Reduced skill Spellcasting to level 4
 13368 | Lair:3   | Reduced skill Conjurations to level 8
 13368 | Lair:3   | Reduced skill Air Magic to level 2
 13368 | Lair:3   | Reduced skill Alchemy to level 7
 13368 | Lair:3   | Reached ***** piety under Ru
 13474 | Lair:3   | Reached skill level 9 in Conjurations
 13924 | Lair:3   | Reached skill level 10 in Conjurations
 14085 | Lair:3   | Found a staircase to the Snake Pit.
 14468 | Lair:4   | Reached skill level 8 in Alchemy
 14507 | Lair:4   | Found a gate leading to a gauntlet.
 14516 | Gauntlet | Entered a Gauntlet
 14516 | Gauntlet | Found a transporter.
 14516 | Gauntlet | Found a transporter.
 14516 | Gauntlet | Found a transporter.
 14572 | Gauntlet | Found a transporter.
 14575 | Gauntlet | Found a transporter.
 14585 | Gauntlet | Found a transporter.
 14585 | Gauntlet | Found a transporter.
 14589 | Gauntlet | Found a transporter.
 14594 | Gauntlet | Noticed a hell hog
 14599 | Gauntlet | Found a transporter.
 14600 | Gauntlet | Found the +0 mask of the Dragon {Will+ Slay+3 SInv}
 14607 | Gauntlet | Noticed a cacodemon
 14695 | Gauntlet | Found a transporter.
 14709 | Gauntlet | Found a transporter.
 14719 | Gauntlet | Found a transporter.
 14853 | Gauntlet | Gained mutation: Your spells are a little easier to cast,
                  | but a little less powerful. [a cacodemon]
 14854 | Gauntlet | Killed a cacodemon
 14947 | Gauntlet | Lost mutation: Your spells are a little easier to cast, but
                  | a little less powerful. [potion of mutation]
 14947 | Gauntlet | Gained mutation: You have sharp toenails. [potion of
                  | mutation]
 14947 | Gauntlet | Gained mutation: You have supernaturally acute eyesight.
                  | (SInv) [potion of mutation]
 14947 | Gauntlet | Gained mutation: You are covered in fur. (AC +1) [potion of
                  | mutation]
 14947 | Gauntlet | Gained mutation: You passively dampen the noise of your
                  | surroundings. [potion of mutation]
 14960 | Gauntlet | Identified the amulet "Jom Taz" {Acrobat Rampage rPois
                  | Int+4}
 14960 | Gauntlet | Noticed a minotaur
 14980 | Gauntlet | Killed a minotaur
 15525 | Lair:4   | Reached skill level 10 in Fighting
 15712 | Lair:4   | Reached skill level 10 in Dodging
 15951 | Lair:5   | Entered Level 5 of the Lair of Beasts
 15990 | Lair:5   | Noticed Sonja
 15997 | Lair:5   | Killed Sonja
 15998 | Lair:5   | Reached skill level 1 in Short Blades
 16055 | Lair:5   | Reached skill level 3 in Short Blades
 16055 | Lair:5   | Gained mutation: Spells you cast may paralyse nearby
                  | enemies. [demonic ancestry]
 16055 | Lair:5   | Reached XP level 12. HP: 83/94 MP: 10/18
 16171 | Lair:5   | Reached skill level 4 in Short Blades
 16197 | Lair:5   | Found a viscous altar of Jiyva.
 16342 | Lair:5   | Found a staircase to the Slime Pits.
 16502 | Lair:5   | Reached skill level 5 in Short Blades
 16866 | Lair:5   | Reached skill level 6 in Short Blades
 17084 | Lair:5   | Reached skill level 7 in Short Blades
 17456 | Lair:5   | Reached skill level 8 in Short Blades
 17675 | Lair:5   | Reached skill level 9 in Short Blades
 17993 | Lair:5   | Gained mutation: You have a pair of antennae on your head.
                  | [demonic ancestry]
 17993 | Lair:5   | Reached XP level 13. HP: 84/103 MP: 13/19
 18105 | Lair:5   | Found a corrupted altar of Lugonu.
 18105 | Lair:5   | Found a one-way gate to the infinite horrors of the Abyss.
 18649 | D:10     | Reached skill level 10 in Short Blades
 18781 | D:11     | Found Assaupla's Armour Boutique.
 18903 | D:11     | You pick up a book of Blood and begin reading...
 18903 | D:11     | You add the spells Sublimation of Blood and Summon Hydra to
                  | your library.
 18964 | D:11     | Reached skill level 5 in Spellcasting
 18964 | D:11     | Reached skill level 3 in Air Magic
 18974 | D:11     | Reached skill level 4 in Air Magic
 19066 | D:11     | You pick up a book of Winter and begin reading...
 19066 | D:11     | You add the spells Ozocubu's Armour and Sculpt Simulacrum
                  | to your library.
 19089 | D:11     | You pick up a book of Armaments and begin reading...
 19089 | D:11     | You add the spells Stone Arrow, Animate Armour and
                  | Lehudib's Crystal Spear to your library.
 19167 | D:11     | Found Waurappu's General Store.
 19170 | D:11     | Found Ustepuni's Specific Store.
 20021 | D:12     | Found a staircase to the Orcish Mines.
 20561 | D:12     | Reached skill level 6 in Spellcasting
 20886 | D:12     | Reached skill level 5 in Air Magic
 20928 | Orc:1    | Entered Level 1 of the Orcish Mines
 20938 | Orc:1    | Noticed Maurice
 20944 | Orc:1    | Killed Maurice
 21247 | Orc:1    | Reached skill level 2 in Stealth
 21611 | Orc:1    | Reached skill level 3 in Stealth
 21810 | Orc:2    | Entered Level 2 of the Orcish Mines
 21812 | Orc:2    | Found a staircase to the Elven Halls.
 21907 | Orc:1    | Reached skill level 4 in Stealth
 22125 | Orc:2    | Reached skill level 5 in Stealth
 22346 | Orc:2    | Reached skill level 6 in Stealth
 22746 | Orc:2    | Found Cumnolux's Antique Armour Emporium.
 22746 | Orc:2    | Found Leinauko's Armour Boutique.
 22748 | Orc:2    | Found Digro's Antique Armour Shop.
 22750 | Orc:2    | Found Wuottang's Book Shoppe.
 22757 | Orc:2    | Bought a pair of embroidered boots for 247 gold pieces
 22758 | Orc:2    | Bought a pair of glowing boots for 247 gold pieces
 23371 | D:13     | Reached skill level 1 in Shields
 23478 | D:13     | Reached skill level 7 in Stealth
 23487 | D:13     | Reached skill level 2 in Shields
 23549 | D:13     | Noticed Nessos
 23570 | D:13     | Killed Nessos
 23571 | D:13     | Reached skill level 3 in Shields
 23571 | D:13     | Gained mutation: Your movements are slightly less
                  | encumbered by armour. (ER -2) [demonic ancestry]
 23571 | D:13     | Reached XP level 14. HP: 42/110 MP: 16/23
 23781 | D:13     | Found a portal to a secret trove of treasure.
 23969 | D:14     | Reached skill level 4 in Shields
 23974 | D:14     | Noticed Snorg
 24059 | D:14     | Reached skill level 5 in Shields
 24140 | D:14     | Reached skill level 1 in Armour
 24235 | D:14     | Killed Snorg
 24236 | D:14     | Reached skill level 2 in Armour
 24347 | D:14     | You pick up a book of Ice and begin reading...
 24347 | D:14     | You add the spells Ozocubu's Refrigeration and Polar Vortex
                  | to your library.
 24412 | D:14     | Noticed Roxanne
 24495 | D:14     | Found a gate to the Vaults.
 24503 | D:14     | Reached skill level 3 in Armour
 24572 | D:14     | Found Jengiu's Jewellery Boutique.
 24778 | D:14     | Noticed Puc Soeni's ghost (journeyman DrCj)
 24778 | D:14     | Noticed a frost giant
 24779 | D:14     | Identified the +3 great mace of Benevolence {flame, +Blink
                  | rF+ Dex+5}
 24779 | D:14     | Identified the +8 great mace "Raziroiv" {heavy, Will-
                  | Str+7}
 24789 | D:14     | Found a transporter.
 24793 | D:14     | Found a transporter.
 24807 | D:14     | Killed a frost giant
 24810 | D:14     | Identified the +1 pair of boots of Restlessness {Int+2}
 25344 | D:15     | Entered Level 15 of the Dungeon
 25462 | D:15     | Found a sparkling altar of Nemelex Xobeh.
 25552 | D:15     | Found a snail-covered altar of Cheibriados.
 26105 | D:15     | Found a staircase to the Depths.
 26106 | D:15     | Noticed an emperor scorpion
 26109 | D:15     | Reached skill level 7 in Spellcasting
 26115 | D:15     | Killed an emperor scorpion
 26116 | D:15     | Reached skill level 11 in Fighting
 26148 | D:14     | Gained mutation: Your health recovers twice as slowly from
                  | being drained. [mutagenic glow]
 26298 | D:15     | Lost mutation: You have sharp toenails. [potion of
                  | mutation]
 26298 | D:15     | Lost mutation: Your health recovers twice as slowly from
                  | being drained. [potion of mutation]
 26298 | D:15     | Lost mutation: You passively dampen the noise of your
                  | surroundings. [potion of mutation]
 26298 | D:15     | Gained mutation: You have hidden genetic potential. [potion
                  | of mutation]
 26298 | D:15     | Gained mutation: You are partially covered in large bone
                  | plates. (SH +4) [potion of mutation]
 26298 | D:15     | Gained mutation: You passively map a small area around you.
                  | [potion of mutation]
 27032 | D:6      | Bought a Trismegistus Codex for 420 gold pieces
 27032 | D:6      | You add the spells Cigotuvi's Dreadful Rot, Ignite Poison
                  | and Freezing Cloud to your library.
 27038 | D:6      | Learned a level 5 spell: Freezing Cloud
 27038 | D:6      | Upgraded the game from 0.31-a0-1620-gcbf77bbcfc to
                  | 0.31-a0-1626-g5cb510d322
 27038 | D:6      | magus.rc [v1.9.6]
 27043 | D:6      | Learned a level 4 spell: Ignite Poison
 27043 | D:6      | magus.rc [v1.9.6]
 27147 | Snake:1  | Entered Level 1 of the Snake Pit
 27313 | Snake:1  | Reached skill level 1 in Fire Magic
 27333 | Snake:1  | Reached skill level 2 in Fire Magic
 27347 | Snake:1  | Gained mutation: You sometimes lose your temper in combat.
                  | [mutagenic glow]
 27348 | Snake:1  | Reached skill level 3 in Fire Magic
 27360 | Snake:1  | Gained mutation: You occasionally shout uncontrollably at
                  | your foes. [mutagenic glow]
 27534 | Snake:1  | magus.rc [v1.9.6]
 27683 | Snake:1  | Reached skill level 4 in Fire Magic
 28135 | Snake:1  | Noticed a nagaraja
 28154 | Snake:1  | Killed a nagaraja
 28311 | Snake:1  | You pick up a book of the Spheres and begin reading...
 28311 | Snake:1  | You add the spells Brom's Barrelling Boulder, Iskenderun's
                  | Battlesphere, Fireball, Conjure Ball Lightning and Orb of
                  | Destruction to your library.
 28575 | Shoals:1 | Entered Level 1 of the Shoals
 28578 | Shoals:1 | Reached skill level 5 in Fire Magic
 28684 | Shoals:1 | magus.rc [v1.9.6]
 28830 | Shoals:1 | Reached skill level 1 in Ice Magic
 29018 | Shoals:1 | Gained mutation: Your movements are less encumbered by
                  | armour. (ER -4) [demonic ancestry]
 29018 | Shoals:1 | Reached XP level 15. HP: 119/119 MP: 13/25
 29109 | Shoals:1 | Reached skill level 2 in Ice Magic
 29125 | Shoals:1 | Reached skill level 6 in Air Magic
 29264 | Shoals:1 | Reached skill level 3 in Ice Magic
 29673 | Shoals:1 | Reached skill level 4 in Ice Magic
 29959 | Shoals:1 | Reached skill level 5 in Ice Magic
 30812 | Shoals:2 | Reached skill level 6 in Ice Magic
 30813 | Shoals:2 | magus.rc [v1.9.6]
 31356 | Shoals:2 | Gained mutation: You have large cloven feet. [hidden
                  | potential]
 31489 | Shoals:2 | magus.rc [v1.9.6]
 32007 | Shoals:3 | Noticed a kraken
 32013 | Shoals:3 | Killed a kraken
 32206 | Shoals:3 | Reached skill level 7 in Ice Magic
 32207 | Shoals:3 | Reached skill level 7 in Air Magic
 32269 | Shoals:3 | magus.rc [v1.9.6]
 32610 | Shoals:3 | Reached skill level 12 in Fighting
 32856 | Shoals:3 | Reached skill level 8 in Spellcasting
 33497 | Shoals:4 | Entered Level 4 of the Shoals
 33637 | Shoals:4 | Reached skill level 9 in Spellcasting
 33638 | Shoals:4 | Reached XP level 16. HP: 106/127 MP: 3/29
 34055 | Shoals:4 | Reached skill level 10 in Spellcasting
 34589 | Shoals:4 | Identified the +6 scale mail "Weugept" {rCorr Str+3 Stlth+}
 34806 | Shoals:4 | Reached skill level 11 in Dodging
 35140 | Shoals:4 | Gained mutation: You have a somewhat thin skeletal
                  | structure. (Dex +2, Stealth+) [hidden potential]
 35140 | Shoals:4 | Lost mutation: You have hidden genetic potential. [hidden
                  | potential expressed]
 35312 | Shoals:4 | Found the +5 scythe "Finisher" {speed, execute}
 35326 | Shoals:4 | Got a barnacled rune of Zot
 35647 | Shoals:4 | Noticed a sphinx
 35654 | Shoals:4 | Killed a sphinx
 35860 | Shoals:4 | Reached skill level 12 in Dodging
 36259 | Lair:2   | magus.rc [v1.9.6]
 36426 | Snake:2  | You pick up a book of Flames and begin reading...
 36426 | Snake:2  | You add the spells Inner Flame and Flame Wave to your
                  | library.
 36434 | Snake:2  | Learned a level 4 spell: Animate Dead
 36501 | Snake:2  | Found Nesog's General Store.
 36506 | Snake:2  | Bought the +7 falchion of Dapleyt {pain, rF+ rC+} for 762
                  | gold pieces
 36506 | Snake:2  | Bought a potion of resistance for 120 gold pieces
 36506 | Snake:2  | Bought a potion of resistance for 120 gold pieces
 36589 | Snake:2  | Reached skill level 1 in Necromancy
 36734 | Snake:2  | Found Kidodd's Jewellery Shoppe.
 36824 | Snake:2  | Reached skill level 2 in Necromancy
 36836 | Snake:2  | Found Feomamn's Magic Scroll Shop.
 36857 | Snake:2  | Found Tab Neg's Book Shop.
 37031 | Snake:2  | Reached skill level 4 in Armour
 37206 | Snake:2  | Found a runed translucent door.
 37206 | Snake:2  | Noticed Vorhees's ghost (adept GrFi)
 37345 | Snake:3  | Reached skill level 3 in Necromancy
 37550 | Snake:3  | Reached skill level 4 in Necromancy
 37874 | Snake:3  | Reached skill level 5 in Armour
 38102 | Snake:3  | Identified the serpent talisman of the Blessed Realm
                  | {Int+2}
 38102 | Snake:3  | Noticed Aizul
 38109 | Snake:3  | Reached skill level 5 in Necromancy
 38117 | Snake:3  | Killed from afar by Aizul

Vanquished Creatures
  A sphinx (Shoals:4)
  A kraken (Shoals:3)
  A nagaraja (Snake:1)
  A frost giant (D:14)
  An emperor scorpion (D:15)
  A cacodemon (Gauntlet)
  Nessos (D:13)
  2 elemental wellsprings (Shoals:1)
  A dire elephant (D:15)
  4 minotaurs
  Snorg (D:14)
  An ettin (D:14)
  A merfolk javelineer (Shoals:3)
  An entropy weaver (D:14)
  2 merfolk impalers
  A great orb of eyes (D:15)
  A salamander tyrant (Snake:1)
  2 vault guards
  A hydra (D:13)
  A catoblepas (Lair:3)
  5 merfolk avatars
  2 ogre magi (D:11)
  5 centaur warriors
  An alligator snapping turtle (Shoals:3)
  4 boulder beetles
  9 two-headed ogres
  3 tengu warriors
  A merfolk aquamancer (Shoals:3)
  12 satyrs
  2 death yaks (Lair:5)
  An orc high priest (Orc:1)
  6 shock serpents
  Sonja (Lair:5)
  7 naga warriors
  5 naga sharpshooters
  3 thrashing horrors (Lair:5)
  Nergalle (Lair:2)
  2 sun demons (Shoals:2)
  6 skysharks
  A salamander mystic (Snake:1)
  18 sea snakes
  2 naga ritualists (Snake:3)
  2 mana vipers (Snake:1)
  3 deep elf pyromancers
  4 orc knights
  39 harpies
  17 ugly things
  18 fauns
  12 manticores
  8 cyclopes
  Maurice (Orc:1)
  4 orc sorcerers
  3 salamanders
  4 kobold blastminers (Orc:2)
  20 black mambas
  2 large abominations (Lair:5)
  5 guardian serpents
  A torpor snail (Lair:5)
  11 water nymphs
  14 naga magi
  5 merfolk sirens
  13 elephants
  3 smoke demons (Lair:5)
  7 cane toads
  Jeremiah (D:6)
  2 kobold demonologists (D:12)
  3 rime drakes
  6 komodo dragons
  4 yaktaurs (D:15)
  4 tengu conjurers
  A freezing wraith (D:15)
  An efreet (D:15)
  A troll (shapeshifter) (D:13)
  29 merfolk
  4 trolls
  Grinder (D:3)
  6 wind drakes
  2 polar bears
  A raiju (Lair:5)
  10 snapping turtles
  24 blink frogs
  18 dream sheep
  13 slime creatures
  A spriggan (shapeshifter) (Lair:5)
  A spriggan (Lair:5)
  A vampire (D:11)
  2 ynoxinuls (Lair:5)
  8 water elementals
  5 wraiths
  2 wyverns (D:8)
  9 basilisks
  2 shadows
  29 yaks
  2 neqoxecs (Gauntlet)
  10 vampire mosquitoes
  4 wargs (Orc:1)
  2 steam dragons
  2 acid dragons
  27 nagas
  A hell hound (Gauntlet)
  17 water moccasins
  35 orc warriors
  A sky beast (D:7)
  3 laughing skulls (D:15)
  8 boggarts
  4 black bears
  9 small abominations (Lair:5)
  17 wolves
  13 centaurs
  8 ogres
  4 kobold brigands
  10 bullfrogs
  A gnoll sergeant (D:10)
  A scorpion (D:8)
  7 wights
  9 killer bees (D:8)
  3 electric eels (D:10)
  2 howler monkeys (D:11)
  2 bombardier beetles
  2 gnoll boudas
  3 hounds
  16 orc priests
  15 jellies
  2 sleepcaps
  3 iguanas
  Ijyb (D:3)
  Terence (D:3)
  18 orc wizards
  11 gnolls
  7 adders
  3 white imps
  A ribbon worm (shapeshifter) (D:14)
  3 ribbon worms
  2 dart slugs
  67 orcs
  5 ball pythons
  7 endoplasms
  5 giant cockroaches
  6 goblins
  9 hobgoblins
  6 quokkas
  9 bats
  3 frilled lizards
  21 kobolds
  8 rats
  3 tentacles (Shoals:3)
949 creatures vanquished.

Vanquished Creatures (collateral kills)
  A satyr (Shoals:4)
  A naga warrior (Snake:3)
  A naga sharpshooter (Snake:3)
  A naga mage (Snake:3)
  A rime drake (Lair:4)
  2 yaks (Lair:2)
7 creatures vanquished.

Vanquished Creatures (others)
  2 sea snakes
  2 harpies
  A black mamba (Snake:2)
  A yak (D:8)
  A naga (Snake:1)
  2 orc warriors (Orc:2)
  A centaur (Orc:2)
  A killer bee (D:8)
  A naga zombie (Snake:3)
  An electric eel (Lair:4)
  An orc (Orc:2)
  A tentacle (Shoals:3)
15 creatures vanquished.

Grand Total: 971 creatures vanquished

Table legend:
 A = Non-vault XP
 B = Vault XP
 C = Vault XP percentage of total XP
 D = Non-vault monster count
 E = Vault monster count
 F = Vault count percentage of total count
                 A         B        C        D         E       F
            +---------+---------+-------+---------+---------+-------
      Total |  197091 |   90492 |  31.5 |     716 |     249 |  25.8
            +---------+---------+-------+---------+---------+-------
        D:1 |      44 |       2 |   4.3 |      27 |       1 |   3.6
        D:2 |      60 |       1 |   1.6 |      21 |       1 |   4.5
        D:3 |      69 |     358 |  83.8 |       8 |       3 |  27.3
        D:4 |     242 |     252 |  51.0 |      22 |       2 |   8.3
        D:5 |     637 |       0 |   0.0 |      15 |       0 |   0.0
        D:6 |     748 |     549 |  42.3 |      16 |       6 |  27.3
        D:7 |    1555 |      41 |   2.6 |      13 |       1 |   7.1
        D:8 |    1851 |    1490 |  44.6 |      26 |      10 |  27.8
        D:9 |    1435 |    2575 |  64.2 |      23 |       4 |  14.8
       D:10 |    1044 |       0 |   0.0 |      24 |       0 |   0.0
       D:11 |    1961 |    6239 |  76.1 |      10 |      16 |  61.5
       D:12 |    4923 |     372 |   7.0 |      16 |       9 |  36.0
       D:13 |    6540 |    1929 |  22.8 |      14 |       2 |  12.5
       D:14 |   10671 |    8222 |  43.5 |      28 |       9 |  24.3
       D:15 |    8085 |    4340 |  34.9 |      24 |       6 |  20.0
     Lair:1 |    3868 |     175 |   4.3 |      12 |       2 |  14.3
     Lair:2 |    5777 |    1802 |  23.8 |      31 |      10 |  24.4
     Lair:3 |    3164 |    2030 |  39.1 |      10 |       9 |  47.4
     Lair:4 |    4281 |       0 |   0.0 |      18 |       0 |   0.0
     Lair:5 |   17691 |   12742 |  41.9 |      48 |      54 |  52.9
   Shoals:1 |   20228 |    3417 |  14.5 |      39 |       5 |  11.4
   Shoals:2 |    8451 |    2508 |  22.9 |      17 |       4 |  19.0
   Shoals:3 |   27650 |       0 |   0.0 |      56 |       0 |   0.0
   Shoals:4 |   20976 |   25193 |  54.6 |      45 |      38 |  45.8
    Snake:1 |   11003 |    3370 |  23.4 |      26 |       4 |  13.3
    Snake:2 |    7073 |       0 |   0.0 |      17 |       0 |   0.0
    Snake:3 |   18663 |    3774 |  16.8 |      37 |       8 |  17.8
      Orc:1 |    5067 |     559 |   9.9 |      34 |       1 |   2.9
      Orc:2 |    3334 |    5930 |  64.0 |      39 |      39 |  50.0
   Gauntlet |       0 |    2622 | 100.0 |       0 |       5 | 100.0
            +---------+---------+-------+---------+---------+-------

Skill      XL: |  1  2  3  4  5  6  7  8  9 10 11 12 13 14 15 16 |
---------------+-------------------------------------------------+-----
Alchemy        | 4 6 8 8 |  8.0
Dodging        | 3 5 6 8 10 10 12 | 12.0
Fighting       | 3 6 9 10 10 11 12 | 12.0
Spellcasting   | 5 4 6 7 9 10 | 10.0
Evocations     | 0 |  0.0
Air Magic      | 3 2 5 7 |  7.0
Conjurations   | 3 8 10 | 10.0
Short Blades   | 3 9 10 | 10.0
Stealth        | 7 |  7.0
Shields        | 3 5 |  5.0
Armour         | 3 5 |  5.5
Fire Magic     | 5 |  5.0
Ice Magic      | 1 7 |  7.0
Necromancy     | 5 |  5.1

Action                     |  1- 3 |  4- 6 |  7- 9 | 10-12 | 13-15 | 16-18 || total
---------------------------+-------+-------+-------+-------+-------+-------++-------
  Melee: Short sword       |    48 |    73 |   197 |   582 |   835 |   207 ||  1942
         Unarmed           |     2 |       |       |       |       |       ||     2
         Punch             |     1 |     2 |     2 |     8 |     6 |       ||    19
         Falchion          |       |       |       |       |       |    96 ||    96
   Cast: Sting             |    44 |    75 |    51 |       |       |       ||   170
         Olgreb's Toxic Ra |       |     6 |    48 |    64 |    75 |    16 ||   209
         Mephitic Cloud    |       |       |     4 |     9 |     5 |       ||    18
         Irradiate         |       |       |       |    35 |    80 |    25 ||   140
         Ignite Poison     |       |       |       |       |    28 |    17 ||    45
         Freezing Cloud    |       |       |       |       |    17 |    36 ||    53
         Animate Dead      |       |       |       |       |       |     2 ||     2
 Invoke: Sacrifice Experie |       |     1 |       |       |       |       ||     1
         Draw Out Power    |       |       |     3 |     3 |     4 |     2 ||    12
         Sacrifice Artific |       |       |     1 |       |       |       ||     1
         Reject Sacrifices |       |       |       |     2 |     2 |       ||     4
         Apocalypse        |       |       |       |     4 |     4 |       ||     8
         Sacrifice Skill   |       |       |       |     1 |       |       ||     1
  Evoke: Wand              |       |     1 |     8 |       |       |       ||     9
    Use: Potion            |     1 |     1 |     3 |     6 |     4 |     2 ||    17
         Scroll            |       |     8 |     8 |    11 |     8 |     1 ||    36
   Stab: Paralysed         |    17 |    13 |    23 |    32 |    60 |    13 ||   158
         Sleeping          |     1 |     2 |     1 |     4 |    37 |     9 ||    54
         Confused          |       |       |     1 |     4 |     2 |       ||     7
         Invisible         |       |       |       |     4 |     4 |     4 ||    12
         Distracted        |       |       |       |    10 |     6 |     3 ||    19
 Armour: Robe              |    23 |    51 |    95 |       |       |       ||   169
         Leather armour    |       |       |    65 |   283 |   271 |   120 ||   739
  Dodge: Dodged            |    39 |    63 |   147 |   515 |   548 |   169 ||  1481
  Block: Buckler           |       |       |       |       |   238 |   161 ||   399

Illustrated notes

Table legend:
 A = Kills in this place as a percentage of kills in the entire game.
 B = Kills by you in this place as a percentage of kills by you in the entire game.
 C = Kills by friends in this place as a percentage of kills by friends in the entire game.
 D = Other kills in this place as a percentage of other kills in the entire game.
 E = Experience gained in this place as a percentage of experience gained in the entire game.
 F = Experience gained in this place divided by the number of levels of this place that you have seen.
                   A       B       C       D       E      F
               +-------+-------+-------+-------+-------+----------------------
         Total | 100.0 | 100.0 | 100.0 | 100.0 | 100.0 | 9586.1
       Dungeon |  37.0 |  37.5 |   0.0 |  21.4 |  23.0 | 4415.7
          Lair |  20.1 |  20.0 |  42.9 |  14.3 |  17.9 | 10306.0
        Shoals |  21.1 |  21.2 |  14.3 |  21.4 |  37.7 | 27105.8
     Snake Pit |   9.5 |   9.2 |  42.9 |  14.3 |  15.3 | 14627.7
  Orcish Mines |  11.7 |  11.5 |   0.0 |  28.6 |   5.2 | 7445.0
      Gauntlet |   0.5 |   0.5 |   0.0 |   0.0 |   0.9 | 2622.0
               +-------+-------+-------+-------+-------+----------------------

Table legend: (Time is in decaauts)
 A = Elapsed time spent in this place.
 B = Non-inter-level travel time spent in this place.
 C = Inter-level travel time spent in this place.
 D = Time resting spent in this place.
 E = Time spent auto-exploring this place.
 F = Levels seen in this place.
 G = Mean time per level.
                   A        B        C        D        E       F      G
               +--------+--------+--------+--------+--------+-----+--------+
         Total |  37735 |  35685 |   2050 |   6048 |  23797 |  30 | 1257.8 |
       Dungeon |  17045 |  16000 |   1045 |   2167 |  11478 |  15 | 1136.3 |
          Lair |   7790 |   7298 |    492 |   1164 |   4753 |   5 | 1558.0 |
        Shoals |   7439 |   7245 |    194 |   1691 |   4352 |   4 | 1859.8 |
     Snake Pit |   3152 |   2920 |    232 |    552 |   1937 |   3 | 1050.7 |
  Orcish Mines |   1802 |   1715 |     87 |    303 |   1095 |   2 |  901.0 |
      Gauntlet |    506 |    506 |      0 |    169 |    181 |   1 |  506.0 |
               +--------+--------+--------+--------+--------+-----+--------+

Top non-repeatable levels by time:
  Lair:5: 2388 daAuts
Shoals:3: 2150 daAuts
Shoals:4: 2020 daAuts
  Lair:2: 1865 daAuts
Shoals:1: 1863 daAuts
    D:12: 1596 daAuts
     D:5: 1461 daAuts
     D:9: 1452 daAuts
 Snake:1: 1423 daAuts
Shoals:2: 1405 daAuts
    D:15: 1405 daAuts
    D:14: 1396 daAuts
  Lair:4: 1263 daAuts
     D:7: 1176 daAuts
  Lair:1: 1147 daAuts
